[Event "Team 45 45 League T86"]
[Site "Internet Chess Club"]
[Date "2020.11.23"]
[Round "8"]
[White "fledermaus"]
[Black "kidcobra"]
[Result "0-1"]
[WhiteElo "1898"]
[BlackElo "1901"]
[Opening "King's Indian: orthodox, Aronin-Taimanov, bayonet attack"]
[ECO "E97"]
[Time "16:57:59"]
[TimeControl "2700+45"]

1. Nf3 Nf6 2. c4 g6 3. Nc3 Bg7 4. e4 d6 5. d4 O-O 6. Be2 e5 7. O-O Nc6 8. d5 Ne7
9. b4 Nd7 10. c5 dxc5 11. bxc5 Nxc5 12. Ba3 b6 13. Bxc5 bxc5 14. Nd2 f5 15. Bc4
Kh8 16. f3 c6 17. Nb3 cxd5 18. Nxd5 Rb8 19. Qd2 Nxd5 20. Bxd5 Qb6 21. Qe3 Ba6
22. Rfc1 Rfc8 23. Bc4 Bb7 24. Rab1 fxe4 25. fxe4 Qc6 26. Bd5 Qd6 27. Rxc5 Bxd5
28. Rxd5 Qa3 29. Qd2 Qa4 30. Re1 Rf8 31. Ra5 Qc6 32. Rxa7 Rbd8 33. Qe3 Bh6 34.
Qxh6 Qb6+ 35. Kh1 Qxa7 36. Qg5 Rde8 37. h3 Qf2 38. Qc1 Rc8 39. Qa1 Qg3 40. Rf1
Rxf1+ 41. Qxf1 Qf4 42. Qa6 Rd8 43. Qe2 Qg3 44. Nd2 Qd3 45. Qxd3 Rxd3 46. Nf3 Re3
47. Nxe5 Rxe4 48. Nd3 Rd4 49. Ne5 Ra4 50. Kh2 Rxa2 51. Kg3 Kg7 52. Nf3 Kf6 53.
Nh2 h5 54. h4 Ra3+ 55. Nf3 Kf5 56. Kf2 Kf4 57. g3+ Kf5 58. Kg2 Ra2+ 59. Kh3 Ke4
60. Ng5+ Ke3 61. Ne6 Ra4 62. Nf8 Ra6 63. Nh7 Ke4 64. Ng5+ Kf5 65. Nf3 Ke4 66.
Ng5+ Ke3 67. Kg2 Ra2+ 68. Kh3 Kf2 69. Ne4+ Kg1 70. g4 Ra3+ 71. Ng3 Kf2 72. gxh5
Rxg3+ 73. Kh2 gxh5 74. Kh1 Rh3# {White checkmated} 0-1

[Event "Team 45 45 League T86"]
[Site "Internet Chess Club"]
[Date "2020.11.21"]
[Round "8"]
[White "Manas"]
[Black "JeffH"]
[Result "0-1"]
[WhiteElo "1657"]
[BlackElo "1743"]
[Opening "King's pawn opening"]
[ECO "B07"]
[Time "10:00:32"]
[TimeControl "2700+45"]

1. e4 d6 2. Nc3 g6 3. f4 Bg7 4. Nf3 Nf6 5. Bc4 O-O 6. Bb3 c5 7. d3 Nc6 8. O-O
Bg4 9. h3 Bxf3 10. Rxf3 Nd4 11. Re3 Rc8 12. Ne2 Nd7 13. c3 Nxb3 14. axb3 a6 15.
Ng3 e6 16. f5 exf5 17. exf5 d5 18. Qg4 d4 19. Rf3 dxc3 20. fxg6 hxg6 21. Ra2 Ne5
22. Qe4 Nxf3+ 23. Qxf3 Qd4+ 24. Kh1 Rfe8 25. Kh2 Re1 26. Ne2 Qe5+ 27. Bf4 Qxe2
28. Qxb7 Re8 29. Rxa6 cxb2 30. Ra7 Qe7 31. Qa6 Qxa7 32. Qxa7 b1=Q {White
resigns} 0-1

[Event "Team 45 45 League T86"]
[Site "Internet Chess Club"]
[Date "2020.11.19"]
[Round "8"]
[White "MathBandit"]
[Black "KidRattler"]
[Result "0-1"]
[WhiteElo "1651"]
[BlackElo "1786"]
[Opening "Tennison (Lemberg, Zukertort) gambit"]
[ECO "B01"]
[Time "08:09:03"]
[TimeControl "2700+45"]

1. e4 d5 2. Nf3 dxe4 3. Ng5 Nf6 4. Nc3 Bf5 5. Bc4 e6 6. Qe2 Be7 7. O-O a6 8.
Ncxe4 c5 9. Nxf7 Kxf7 10. Ng5+ Ke8 11. Nxe6 Bxe6 12. Qxe6 Rf8 13. Re1 b5 14. Bd3
Qd7 15. Bf5 Qxe6 16. Rxe6 g6 17. Bh3 Kf7 18. d3 Nbd7 19. Bg5 Rfe8 20. Rae1 Nf8
21. Bh6 Ng8 22. Bxf8 Bxf8 23. f3 Nf6 24. Kf2 Re7 25. c3 Rae8 26. Rxe7+ Rxe7 27.
Rxe7+ Kxe7 28. Bc8 a5 29. Ba6 b4 30. a3 Kd6 31. axb4 axb4 32. cxb4 cxb4 33. Ke3
Bg7 34. b3 Nd5+ 35. Ke4 Nc3+ 36. Kf4 Bh6+ 37. Kg4 Nd5 38. g3 Ke5 39. f4+ Kd4 40.
f5 Ne3+ {White resigns} 0-1

[Event "Team 45 45 League T86"]
[Site "Internet Chess Club"]
[Date "2020.11.21"]
[Round "8"]
[White "ascoli"]
[Black "GoIrish"]
[Result "1-0"]
[WhiteElo "1686"]
[BlackElo "1479"]
[Opening "French: King's Indian attack"]
[ECO "C00"]
[Time "14:01:20"]
[TimeControl "2700+45"]

1. e4 e6 2. d3 d5 3. Nd2 Nc6 4. g3 Nf6 5. Bg2 Be7 6. Ngf3 O-O 7. O-O dxe4 8.
dxe4 b6 9. c3 Bb7 10. Qe2 a5 11. Rd1 Ba6 12. Qe1 Qc8 13. Nf1 e5 14. Bg5 h6 15.
Bxf6 Bxf6 16. Ne3 Ne7 17. Ng4 Bb7 18. Bh3 Qe8 19. Qe3 Kh7 20. Qxh6+ gxh6 21.
Nxf6+ Kg7 22. Nxe8+ Raxe8 23. Nxe5 Bxe4 24. Rd7 c5 25. Re1 Bh7 26. Rb7 Nc6 27.
Nf3 Rxe1+ 28. Nxe1 Rb8 29. Rc7 Ne5 30. f4 Nc4 31. Be6 Nd6 32. Rd7 Re8 33. Rxd6
Rxe6 34. Rxe6 fxe6 35. Kf2 Kf6 36. Ke3 Bf5 37. Nf3 b5 38. a3 a4 39. Ne5 Ke7 40.
g4 Bh7 41. h4 Bc2 42. Nd3 Kd6 43. g5 hxg5 44. fxg5 c4 45. Nf4 e5 46. Ne2 Bg6 47.
Ng3 Ke6 48. h5 Bd3 49. g6 Kf6 50. Ne4+ Kg7 51. Nd6 Kh6 52. Ne8 Kxh5 53. g7 Bh7
54. Nf6+ Kg6 55. g8=Q+ Bxg8 56. Nxg8 Kf5 57. Ne7+ Ke6 58. Nc6 Kd6 59. Na7 Kc5
60. Ke4 Kb6 61. Nc8+ Kc7 62. Ne7 Kd7 63. Ng6 Kd6 64. Nxe5 Ke6 65. Kd4 Kd6 66.
Nxc4+ bxc4 67. Kxc4 {Black resigns} 1-0

[Event "Team 45 45 League T86"]
[Site "Internet Chess Club"]
[Date "2020.11.21"]
[Round "8"]
[White "room-matt"]
[Black "LookImYourVader"]
[Result "1/2-1/2"]
[WhiteElo "1799"]
[BlackElo "1787"]
[Opening "Caro-Kann: Bronstein-Larsen variation"]
[ECO "B16"]
[Time "13:31:23"]
[TimeControl "2700+45"]

1. e4 c6 2. d4 d5 3. Nc3 dxe4 4. Nxe4 Nf6 5. Nxf6+ gxf6 6. Nf3 Bg4 7. Be2 e6 8.
c4 Qc7 9. h3 Bh5 10. O-O Nd7 11. Nd2 Bxe2 12. Qxe2 O-O-O 13. b3 f5 14. Re1 Rg8
15. Nf3 Bb4 16. Rd1 Nf6 17. Bg5 Be7 18. Qe5 Rg6 19. h4 Bd6 20. Qe3 Rdg8 21. d5
Ne4 22. Qxa7 h6 23. Be3 Rxg2+ 24. Kf1 Qb8 25. Qxb8+ Bxb8 26. Ng5 Rg4 27. Nxe4
Rxe4 28. dxc6 bxc6 29. h5 Bh2 30. Ke2 f4 31. Kf3 Re5 32. Bd4 Rxh5 33. Rh1 Rgg5
34. b4 e5 35. Bc5 f5 36. Rad1 Rh3+ 37. Ke2 e4 38. a4 Rg2 39. Kf1 f3 40. a5 Rh4
41. b5 Rhg4 42. Ke1 Bf4 43. Kf1 Rh2 44. Rg1 Rxg1+ 45. Kxg1 Rg2+ 46. Kf1 Bh2 47.
Ke1 cxb5 48. cxb5 Bf4 49. Kf1 Rh2 50. Kg1 Rg2+ 51. Kf1 Rh2 52. Kg1 Rg2+ 53. Kf1
Rh2 54. Kg1 Rg2+ 55. Kf1 Rh2 {Game drawn by repetition} 1/2-1/2

[Event "Team 45 45 League T86"]
[Site "Internet Chess Club"]
[Date "2020.11.20"]
[Round "8"]
[White "rookmaster23"]
[Black "filmdirector"]
[Result "0-1"]
[WhiteElo "1690"]
[BlackElo "1643"]
[Opening "Ruy Lopez: Caro variation"]
[ECO "C70"]
[Time "14:07:58"]
[TimeControl "2700+45"]

1. e4 e5 2. Nf3 Nc6 3. Bb5 a6 4. Ba4 b5 5. Bb3 Nf6 6. O-O Bc5 7. a4 Rb8 8. c3 d6
9. d4 exd4 10. cxd4 Bb6 11. Bg5 h6 12. Bxf6 Qxf6 13. e5 dxe5 14. dxe5 Qd8 15.
Qe2 Qe7 16. Nc3 O-O 17. axb5 axb5 18. Nxb5 Bg4 19. Rac1 Bxf3 20. Qxf3 Nxe5 21.
Qe2 c6 22. Rfe1 Rfe8 23. Na3 Nf3+ 24. gxf3 Qg5+ 25. Kf1 Rxe2 26. Kxe2 Qe5+ 27.
Kf1 Qxb2 {White resigns} 0-1

[Event "Team 45 45 League T86"]
[Site "Internet Chess Club"]
[Date "2020.11.22"]
[Round "8"]
[White "Zugzwanged"]
[Black "WillC"]
[Result "1-0"]
[WhiteElo "1702"]
[BlackElo "1574"]
[Opening "Scandinavian: Marshall variation"]
[ECO "B01"]
[Time "10:39:58"]
[TimeControl "2700+45"]

1. e4 d5 2. exd5 Nf6 3. d4 Nxd5 4. Nf3 Bf5 5. Be2 e6 6. O-O Be7 7. a3 h6 8. c4
Nf6 9. Nc3 c6 10. h3 O-O 11. Be3 Nbd7 12. Qd2 Qc7 13. Bf4 Bd6 14. Bxd6 Qxd6 15.
c5 Qc7 16. b4 Rfd8 17. Qe3 Re8 18. Ne5 Rad8 19. f4 Nd5 20. Nxd5 exd5 21. Qd2 Nf6
22. Bd3 Bxd3 23. Qxd3 Ne4 24. b5 f6 25. Ng6 Kf7 26. f5 cxb5 27. Nf4 Qc6 28. Ne6
Rd7 29. h4 a6 30. Qf3 Rxe6 31. fxe6+ Qxe6 32. Qf5 Qe7 33. Qh5+ Kg8 34. Rfe1 Kh7
35. Rac1 g6 36. Qf3 Qe6 37. Rc2 f5 38. Rec1 Qf6 39. Qe3 Rc7 40. g3 Re7 41. Qb3
Qxd4+ 42. Kg2 Nf6 43. c6 Qe4+ 44. Qf3 bxc6 45. Rxc6 Ng4 46. Qxe4 fxe4 47. Rc7
Rxc7 48. Rxc7+ Kg8 49. Rd7 Nf6 50. Ra7 d4 51. Rxa6 Kf7 52. Rb6 d3 53. Kf2 Ng4+
54. Ke1 e3 55. Rxb5 Nf2 56. Rd5 d2+ 57. Ke2 Ke6 58. Rd8 Ke5 59. a4 Ke4 60. a5
d1=Q+ 61. Rxd1 Nxd1 62. Kxd1 Kd5 63. Ke2 Kc6 64. Kxe3 {Black resigns} 1-0

[Event "Team 45 45 League T86"]
[Site "Internet Chess Club"]
[Date "2020.11.23"]
[Round "8"]
[White "Rookmaster"]
[Black "pishd"]
[Result "1/2-1/2"]
[WhiteElo "1618"]
[BlackElo "1837"]
[Opening "French: Two knights variation"]
[ECO "C00"]
[Time "07:04:12"]
[TimeControl "2700+45"]

1. e4 e6 2. Nf3 d5 3. Nc3 dxe4 4. Nxe4 Nd7 5. d4 Ngf6 6. Bd3 Nxe4 7. Bxe4 Nf6 8.
Bg5 h6 9. Bxf6 Qxf6 10. O-O g6 11. Qe2 c6 12. Ne5 Bd7 13. Nxd7 Kxd7 14. c4 Bg7
15. b4 Rhe8 16. Rad1 Ke7 17. d5 exd5 18. cxd5 cxd5 19. Bxd5+ Kf8 20. Qb5 Rab8
21. Qc5+ Qe7 22. Rfe1 Qxc5 23. bxc5 Rxe1+ 24. Rxe1 Rc8 25. Rc1 Bd4 26. c6 bxc6
27. Rxc6 Rxc6 28. Bxc6 Ke7 29. Kf1 f5 30. Ke2 Kd6 31. Be8 g5 32. h3 Ke5 33. Bf7
Bb6 34. Bg8 Kf4 35. Be6 g4 36. hxg4 fxg4 37. g3+ Kg5 38. Bb3 h5 39. Bd5 h4 40.
gxh4+ Kxh4 41. Be6 g3 42. fxg3+ Kxg3 {Game drawn by mutual agreement} 1/2-1/2

[Event "Team 45 45 League T86"]
[Site "Internet Chess Club"]
[Date "2020.11.19"]
[Round "8"]
[White "janh"]
[Black "Ohanessian"]
[Result "1/2-1/2"]
[WhiteElo "1955"]
[BlackElo "2039"]
[Opening "Queen's pawn game"]
[ECO "A45"]
[Time "12:07:59"]
[TimeControl "2700+45"]

1. d4 Nf6 2. Nc3 d6 3. Bf4 g6 4. e3 Bg7 5. h4 h6 6. Nf3 Nc6 7. Qd2 Nd7 8. Be2 e5
9. Bg3 O-O 10. O-O-O exd4 11. exd4 Nb6 12. Bf4 Kh7 13. Be3 {Game drawn by mutual
agreement} 1/2-1/2

[Event "Team 45 45 League T86"]
[Site "Internet Chess Club"]
[Date "2020.11.22"]
[Round "8"]
[White "ulfbert"]
[Black "achessman"]
[Result "1-0"]
[WhiteElo "2048"]
[BlackElo "1902"]
[Opening "English: Caro-Kann defensive system"]
[ECO "A11"]
[Time "09:07:07"]
[TimeControl "2700+45"]

1. c4 c6 2. g3 d5 3. d4 Nf6 4. Nf3 dxc4 5. Nc3 e6 6. Bg2 b5 7. Ne5 Nd5 8. e4
Nxc3 9. bxc3 Bb7 10. Qh5 g6 11. Nxg6 fxg6 12. Qe5 Qe7 13. Qxh8 Nd7 14. h4 O-O-O
15. Bg5 Qf7 16. Bxd8 Bg7 17. Qxh7 Nf8 18. Qxg7 Qxg7 19. Ba5 e5 20. Rd1 Kb8 21.
O-O a6 22. Bb4 exd4 23. Rxd4 Nd7 24. Rfd1 Ne5 25. Bd6+ Ka8 26. Bc5 Bc8 27. Rd8
Kb7 28. f4 Nd3 29. Bd4 Qf7 30. Rf1 Bg4 31. Rd6 c5 32. Bf6 a5 33. e5+ Ka7 34. Bd5
Qc7 35. Bd8 Qc8 36. Bb6+ {Black resigns} 1-0

[Event "Team 45 45 League T86"]
[Site "Internet Chess Club"]
[Date "2020.11.20"]
[Round "8"]
[White "primerpaso"]
[Black "Ehab"]
[Result "1-0"]
[WhiteElo "1807"]
[BlackElo "1767"]
[Opening "English opening"]
[ECO "A16"]
[Time "14:32:06"]
[TimeControl "2700+45"]

1. c4 Nf6 2. Nc3 g6 3. g3 Bg7 4. Bg2 c6 5. e4 d6 6. Nge2 O-O 7. d4 Bg4 8. h3 Bd7
9. O-O Na6 10. Be3 Qc8 11. Kh2 Nc7 12. Rc1 h5 13. Qd2 Kh7 14. f3 Rh8 15. Rfd1
Kg8 16. h4 Ne6 17. e5 Ne8 18. f4 Nf8 19. Ne4 Bh6 20. Ng1 Bf5 21. Nh3 Qb8 22. b4
Bg4 23. Re1 dxe5 24. fxe5 Bxe3 25. Qxe3 Ng7 26. Nef2 Nf5 27. Qe4 Nh6 28. Rf1 Qe8
29. Bf3 Bf5 30. Qe2 Ne6 31. Rcd1 Ng7 32. Ng5 Rd8 33. d5 e6 34. Nfe4 Ng4+ 35.
Bxg4 Bxg4 36. Qf2 Qe7 37. d6 Qd7 38. Nf6+ Kf8 39. Nxd7+ Rxd7 40. Rd2 Nf5 41.
Qxa7 Kg7 42. b5 Rhd8 43. bxc6 bxc6 44. Qc5 Nh6 45. Qxc6 Bf5 46. c5 Ng4+ 47. Kg1
Nxe5 48. Qb5 f6 49. Rxf5 exf5 50. Ne6+ Kh6 51. Nxd8 Rxd8 52. Kg2 g5 53. hxg5+
fxg5 54. d7 f4 55. Qb6+ {Black resigns} 1-0

[Event "Team 45 45 League T86"]
[Site "Internet Chess Club"]
[Date "2020.11.22"]
[Round "8"]
[White "Portola"]
[Black "ElValero"]
[Result "0-1"]
[WhiteElo "1636"]
[BlackElo "1617"]
[Opening "Torre attack (Tartakower variation)"]
[ECO "D03"]
[Time "14:00:17"]
[TimeControl "2700+45"]

1. d4 Nf6 2. Nf3 d5 3. Bg5 Nbd7 4. Nbd2 c5 5. c3 b6 6. e3 e6 7. Bd3 Bb7 8. Qe2
Be7 9. O-O Ne4 10. Bxe7 Qxe7 11. Rfe1 O-O 12. a4 f5 13. g3 Ndf6 14. Ne5 c4 15.
Bc2 Rae8 16. f3 Nd6 17. Qg2 Nf7 18. f4 Nd6 19. Ndf3 Nde4 20. Nd2 a6 21. Nxe4
Nxe4 22. Bd1 b5 23. axb5 axb5 24. Bh5 g6 25. Bxg6 hxg6 26. Nxg6 Qd6 27. Qh3 Kg7
28. Nxf8 Rxf8 29. Ra7 Qb6 30. Rea1 Rf7 31. Qg2 b4 32. Qc2 Bc8 33. Rxf7+ Kxf7 34.
cxb4 Qxb4 35. Ra7+ Kf6 36. Kg2 Qe1 37. Ra3 Bd7 38. Ra7 Be8 39. Ra3 Bh5 40. b4
Nd2 41. Ra1 Qe2+ 42. Kh3 Bg4+ {White resigns} 0-1

[Event "Team 45 45 League T86"]
[Site "Internet Chess Club"]
[Date "2020.11.18"]
[Round "8"]
[White "ascoli"]
[Black "MathBandit"]
[Result "1-0"]
[WhiteElo "1678"]
[BlackElo "1662"]
[Opening "Sicilian defense"]
[ECO "B30"]
[Time "22:00:55"]
[TimeControl "2700+45"]

1. e4 c5 2. Nf3 Nc6 3. d3 d6 4. g3 g6 5. Bg2 Bg7 6. O-O Nf6 7. Nbd2 O-O 8. Re1
Bg4 9. h3 Be6 10. Ng5 Bd7 11. Nf1 Qc8 12. Kh2 b5 13. f4 e5 14. Ne3 exf4 15. gxf4
Nh5 16. Nf5 h6 17. Nxd6 Qb8 18. Ngxf7 Nxf4 19. Bxf4 Rxf7 20. Bg3 Rf8 21. c3 Be5
22. Bxe5 Nxe5 23. d4 Qxd6 24. dxe5 Qxe5+ 25. Kh1 Bc6 26. Qg4 Kg7 27. Rad1 Rf7
28. Rd3 Raf8 29. Rg3 g5 30. Rf3 Rxf3 31. Bxf3 Qf4 32. Qxf4 Rxf4 33. Kg2 Kg6 34.
Kg3 h5 35. Rd1 Rf6 36. Rd8 Re6 37. Rg8+ Kf7 38. Rxg5 Bxe4 39. Bxh5+ Bg6 40.
Bxg6+ Rxg6 41. Rxg6 Kxg6 42. Kf4 a5 43. a3 Kf6 44. h4 Ke6 45. h5 Kf6 46. Ke4
{Black resigns} 1-0

[Event "Team 45 45 League T86"]
[Site "Internet Chess Club"]
[Date "2020.11.21"]
[Round "8"]
[White "Redman1"]
[Black "Gojira"]
[Result "1-0"]
[WhiteElo "1566"]
[BlackElo "1538"]
[Opening "QGD Slav: 3.Nf3"]
[ECO "D11"]
[Time "06:01:36"]
[TimeControl "2700+45"]

1. d4 d5 2. Nf3 c6 3. c4 Bf5 4. Nc3 e6 5. Qb3 Qc7 6. cxd5 exd5 7. e3 Nf6 8. Nh4
Bg4 9. f3 Be6 10. Bd3 Be7 11. Nf5 O-O 12. O-O c5 13. Qc2 c4 14. Nxe7+ Qxe7 15.
Bf5 a6 16. Bd2 Nc6 17. a3 b5 18. Rae1 Rad8 19. Ne2 Rfe8 20. Nf4 Qd7 21. Nxe6
fxe6 22. Bh3 Qf7 23. Kh1 e5 24. dxe5 Nxe5 25. Rd1 Nfd7 26. Ba5 Rc8 27. e4 Nd3
28. exd5 Qxd5 29. Bc3 Rc7 30. Ba5 Rc6 31. f4 Re3 32. Bg4 Rd6 33. Bf3 Qf5 34. Bc7
Rh6 35. Qd2 Qc5 36. Ba5 {Black forfeits on time} 1-0

[Event "Team 45 45 League T86"]
[Site "Internet Chess Club"]
[Date "2020.11.22"]
[Round "8"]
[White "Constrictor"]
[Black "Chess4Him"]
[Result "1-0"]
[WhiteElo "1548"]
[BlackElo "1515"]
[Opening "Réti: Nimzovich-Larsen attack"]
[ECO "A01"]
[Time "13:30:41"]
[TimeControl "2700+45"]

1. b3 d5 2. Nf3 Nf6 3. e3 Bg4 4. Bb2 e6 5. h3 Bh5 6. d3 Be7 7. Nbd2 O-O 8. g4
Bg6 9. Ne5 c5 10. Bg2 Nbd7 11. Nxg6 hxg6 12. Nf3 Nh7 13. O-O g5 14. Ne5 Qc7 15.
Nxd7 Qxd7 16. Qe2 Rfe8 17. Rad1 b5 18. c4 b4 19. cxd5 exd5 20. d4 Rad8 21. dxc5
Nf6 22. Bxf6 Bxf6 23. Rxd5 Qe6 24. Rfd1 Rxd5 25. Rxd5 Rc8 26. Qc4 a5 27. Qb5 Bd8
28. Qd7 Qa6 29. Qe8+ Kh7 30. Be4+ {Black resigns} 1-0

[Event "Team 45 45 League T86"]
[Site "Internet Chess Club"]
[Date "2020.11.21"]
[Round "8"]
[White "BrerRabbit"]
[Black "dabodhi"]
[Result "0-1"]
[WhiteElo "1389"]
[BlackElo "1373"]
[Opening "Queen's pawn"]
[ECO "A40"]
[Time "19:03:53"]
[TimeControl "2700+45"]

1. d4 e6 2. Nf3 f5 3. g3 Nf6 4. Bg2 g6 5. O-O Bg7 6. b3 O-O 7. Bb2 d6 8. c4 Nbd7
9. Nbd2 Qe8 10. Qc2 Ng4 11. h3 Nh6 12. e4 f4 13. e5 fxg3 14. fxg3 Nf5 15. Kf2
dxe5 16. dxe5 Qe7 17. g4 Qc5+ 18. Ke1 Ne3 19. Qd3 Nxg2+ 20. Kd1 Ne3+ 21. Ke1
Nxf1 22. Nxf1 Nxe5 23. Nxe5 Qf2+ 24. Kd1 Qxb2 25. Rc1 Qxe5 26. Rc2 b6 {White
resigns} 0-1

[Event "Team 45 45 League T86"]
[Site "Internet Chess Club"]
[Date "2020.11.22"]
[Round "8"]
[White "rookmaster23"]
[Black "QuieroAprender"]
[Result "0-1"]
[WhiteElo "1674"]
[BlackElo "1708"]
[Opening "Ruy Lopez: closed, anti-Marshall 8.a4"]
[ECO "C88"]
[Time "20:01:58"]
[TimeControl "2700+45"]

1. e4 e5 2. Nf3 Nc6 3. Bb5 a6 4. Ba4 Nf6 5. O-O b5 6. Bb3 Be7 7. Re1 O-O 8. a4
b4 9. a5 Bb7 10. d3 d6 11. Nbd2 Nd4 12. Nxd4 exd4 13. Nc4 Nd7 14. Bf4 Nc5 15.
Qd2 Nxb3 16. cxb3 d5 17. exd5 Bxd5 18. Be5 c5 19. Nb6 Ra7 20. Qd1 Ba8 21. Qg4 g6
22. Bf4 Re8 23. Re2 Bc6 24. Rae1 f5 25. Qh3 Bf8 26. Re6 Rxe6 27. Rxe6 Re7 28.
Rxe7 Qxe7 29. Kf1 g5 30. Qg3 h6 31. h4 g4 32. f3 Qe6 33. Nc4 h5 34. Be5 Kh7 35.
fxg4 fxg4 36. Qf4 Bh6 37. Qg3 Qf5+ 38. Ke2 Bd5 39. Bd6 Bxc4 40. bxc4 Qe6+ 41.
Kd1 Qf5 42. Kc2 Kg6 43. Qe1 b3+ 44. Kxb3 Qxd3+ 45. Ka2 Qxc4+ 46. b3 Qc2+ 47. Ka3
Bc1+ {White resigns} 0-1

[Event "Team 45 45 League T86"]
[Site "Internet Chess Club"]
[Date "2020.11.21"]
[Round "8"]
[White "kabindra"]
[Black "sburreus09"]
[Result "1-0"]
[WhiteElo "1674"]
[BlackElo "1502"]
[Opening "King's pawn opening"]
[ECO "B07"]
[Time "14:00:54"]
[TimeControl "2700+45"]

1. e4 d6 2. d4 c6 3. Nc3 Qc7 4. f4 e5 5. Nf3 Bg4 6. Be3 Nd7 7. h3 Bxf3 8. Qxf3
Be7 9. Bc4 Bf6 10. dxe5 dxe5 11. O-O Ne7 12. f5 Nb6 13. Bb3 O-O-O 14. a4 a5 15.
Qf2 Na8 16. Bxf7 b6 17. Be6+ Kb7 18. Na2 Nc8 19. b4 Nd6 20. bxa5 bxa5 21. Rab1+
Nb5 22. axb5 Qd6 23. bxc6+ Kxc6 24. Qe2 Qa3 25. Qa6+ {Black resigns} 1-0

[Event "Team 45 45 League T86"]
[Site "Internet Chess Club"]
[Date "2020.11.21"]
[Round "8"]
[White "Toalla"]
[Black "Electryon"]
[Result "0-1"]
[WhiteElo "1208"]
[BlackElo "1330"]
[Opening "Blackmar gambit"]
[ECO "D00"]
[Time "16:06:36"]
[TimeControl "2700+45"]

1. d4 d5 2. e4 dxe4 3. Nc3 Nf6 4. Bg5 Bf5 5. f3 c6 6. Bc4 exf3 7. Nxf3 e6 8. Qd2
Be7 9. O-O-O Nbd7 10. h4 Qc7 11. Rhe1 O-O-O 12. d5 cxd5 13. Bxd5 Nb6 14. Ne5 Bg6
15. Nxg6 hxg6 16. Qf4 Qxf4+ 17. Bxf4 Nfxd5 18. Nxd5 Rxd5 19. g3 Rxd1+ 20. Rxd1
Rd8 21. Rxd8+ Kxd8 22. Kd2 Bf6 23. b3 Nd5 24. a4 Nxf4 25. gxf4 e5 {White
resigns} 0-1

[Event "Team 45 45 League T86"]
[Site "Internet Chess Club"]
[Date "2020.11.19"]
[Round "8"]
[White "KidRattler"]
[Black "mongmong"]
[Result "1-0"]
[WhiteElo "1790"]
[BlackElo "1443"]
[Opening "Polish (Sokolsky) opening"]
[ECO "A00"]
[Time "19:04:13"]
[TimeControl "2700+45"]

1. b4 e6 2. Bb2 Nf6 3. a3 d5 4. Nf3 Bd6 5. e3 Nbd7 6. c4 c6 7. d4 O-O 8. Nbd2
Qe7 9. c5 Bc7 10. Ne5 Ne8 11. f4 f6 12. Nxd7 Bxd7 13. Bd3 e5 14. O-O e4 15. Be2
f5 16. b5 cxb5 17. Qb3 a6 18. Bc3 Nf6 19. h3 Qd8 20. Rab1 Bc6 21. g4 fxg4 22.
hxg4 h6 23. Rf2 Nh7 24. Nxe4 Kh8 25. Nd6 Bxd6 26. cxd6 Rf6 27. Bb4 a5 28. Bd2
Qxd6 29. Bxb5 Bxb5 30. Qxb5 Qc6 31. Qxc6 bxc6 32. Rb6 Nf8 33. Be1 Nd7 34. Rb7
Rf7 35. Rc2 Kg8 36. Rxc6 Nf6 37. Rxf7 Kxf7 38. Rc7+ Kg8 39. g5 hxg5 40. fxg5 Ne4
41. g6 a4 42. Bb4 Re8 43. Kg2 Nf6 44. Kf3 Ne4 45. Ra7 Ng5+ 46. Ke2 Nh3 47. Bd6
Ng5 48. Rxa4 Ne4 49. Bb4 Rc8 50. Kf3 Ng5+ 51. Kf4 Ne6+ 52. Ke5 Re8 53. Kxd5 Nc7+
54. Kc6 Ne6 55. d5 Nd8+ 56. Kd7 {Black resigns} 1-0

[Event "Team 45 45 League T86"]
[Site "Internet Chess Club"]
[Date "2020.11.20"]
[Round "8"]
[White "xingon"]
[Black "Pawnchain"]
[Result "0-1"]
[WhiteElo "1349"]
[BlackElo "1509"]
[Opening "French: advance, Euwe variation"]
[ECO "C02"]
[Time "15:01:07"]
[TimeControl "2700+45"]

1. e4 e6 2. d4 d5 3. e5 c5 4. c3 Nc6 5. Nf3 Bd7 6. Be2 Nge7 7. O-O cxd4 8. cxd4
Qb6 9. Qb3 Qxb3 10. axb3 Nf5 11. Be3 a6 12. Bd3 Nb4 13. Bxf5 exf5 14. Nc3 Bc6
15. Rfc1 Be7 16. Bg5 Bxg5 17. Nxg5 h6 18. Nf3 O-O 19. Na2 Nd3 20. Rc2 Nf4 21.
Nb4 Rfc8 22. Nxc6 Rxc6 23. Rac1 Rac8 24. Rxc6 bxc6 25. Kf1 Kf8 26. Ne1 Ke7 27.
g3 Ne6 28. Rd1 Rb8 29. Rd3 Rb5 30. Nc2 f6 31. f4 fxe5 32. dxe5 Kd7 33. Kf2 Nc5
34. Rd4 Nxb3 35. Ra4 Nc5 {White resigns} 0-1

[Event "Team 45 45 League T86"]
[Site "Internet Chess Club"]
[Date "2020.11.21"]
[Round "8"]
[White "bardu"]
[Black "g8wrb"]
[Result "1/2-1/2"]
[WhiteElo "1384"]
[BlackElo "1285"]
[Opening "Nimzo-Indian: classical, 4...Nc6"]
[ECO "E33"]
[Time "14:08:01"]
[TimeControl "2700+45"]

1. d4 e6 2. c4 Nf6 3. Nc3 Bb4 4. Qc2 Nc6 5. Nf3 d5 6. e3 O-O 7. a3 Be7 8. b4 a6
9. Bd3 h6 10. cxd5 exd5 11. O-O Bg4 12. Ne5 Bd7 13. Nf3 Bg4 14. Ne5 Bd7 15. Nf3
Re8 16. h3 Bd6 {Game drawn by mutual agreement} 1/2-1/2